 Dungeon Crawl Stone Soup version 0.31.0-32-g396128a36d (webtiles) character file.

Game seed: 11694603210658586893

1435 gentooman the Magician (level 8, -7/62 HPs)
             Began as a Purple Draconian Air Elementalist on Mar 1, 2024.
             Mangled by an ice beast (10 damage)
             ... on level 5 of the Dungeon on Mar 13, 2024.
             The game lasted 02:10:44 (3974 turns).

gentooman the Magician (DrAE)                       Turns: 3974, Time: 02:10:45

Health: -7/62      AC:  7    Str: 10    XL:     8   Next: 45%
Magic:  13/16      EV: 13    Int: 17    God:
Gold:   262        SH:  0    Dex: 13    Spells: 8/17 levels left

rFire   . . .        g - +0 short sword
rCold   . . .        (no shield)
rNeg    . . .        (body armour unavailable)
rPois   .            (helmet restricted)
rElec   .            (no cloak)
rCorr   .            (no gloves)
SInv    .            c - +0 pair of boots
Will    +....        (no amulet)
Stlth   ++           (no ring)
HPRegen 0.30/turn    (no ring)
MPRegen 0.15/turn

%: no passive effects
@: no status effects
A: breathe power, AC +6, unfitting armour, cold-blooded
a: Breathe Dispelling Energy


You were on level 5 of the Dungeon.
You visited 1 branch of the dungeon, and saw 5 of its levels.

You collected 262 gold pieces.

Inventory:

Hand Weapons
 b - a +0 sling
 g - a +0 short sword (weapon)
Missiles
 e - 33 stones
 k - a throwing net
Armour
 c - a +0 pair of boots (worn)
Magical Staves
 m - a staff of cold
Jewellery
 q - a ring of see invisible
 x - a ring of protection from cold
 y - a ring of fire
Wands
 s - a wand of polymorph (7)
 u - a wand of quicksilver (13)
 w - a wand of flame (20)
Scrolls
 d - a scroll of noise {unknown}
 f - 2 scrolls of fog {unknown}
 h - a scroll of enchant armour {unknown}
 l - a scroll of immolation {unknown}
 o - 2 scrolls of silence {unknown}
 r - 2 scrolls of identify {unknown}
 v - a scroll of revelation {unknown}
Potions
 a - 2 potions of magic
 i - a potion of brilliance {unknown}
 j - a potion of mutation {unknown}
 n - 2 potions of invisibility {unknown}
 p - 2 potions of ambrosia {unknown}
 t - a potion of enlightenment {unknown}


   Skills:
 + Level 2.8 Fighting
 + Level 4.9 Short Blades
 + Level 3.7 Dodging
 + Level 2.5 Stealth
 + Level 5.4 Spellcasting
 + Level 4.2 Conjurations
 + Level 0.3 Translocations
 + Level 5.2 Air Magic


You had 8 spell levels left.
You knew the following spells:

 Your Spells              Type           Power      Damage    Failure   Level
a - Shock                 Conj/Air       80%        1d8       1%          1
b - Static Discharge      Conj/Air       40%        3-5/arc   3%          2
c - Magic Dart            Conj           72%        1d6       2%          1
d - Momentum Strike       Conj/Tloc      24%        3d8       9%          2
e - Swiftness             Air            22%        N/A       4%          3

Your spell library contained the following spells:

 Spells                   Type           Power      Damage    Failure   Level
 Searing Ray              Conj           36%        2d5       3%          2
 Airstrike                Air            11%        2d(2-18)  16%         4
 Blink                    Tloc           10%        N/A       19%         2
 Lesser Beckoning         Tloc           10%        N/A       19%         2
 Fulminant Prism          Conj/Alch      5%         3d7       50%         4
 Freezing Cloud           Conj/Ice/Air   7%         6-21      71%         5
 Lehudib's Crystal Spear  Conj/Erth      5%         10d3      100%        8


Dungeon Overview and Level Annotations

Branches:
Dungeon (5/15)             Temple (0/1) D:5

Altars:
Gozag
Hepliaklqana


Innate Abilities, Weirdness & Mutations

You can breathe bolts of dispelling energy.
Your rich purple scales are hard. (AC +6)
You cannot fit into any form of body armour.
You are cold-blooded and may be slowed by cold attacks.


Message History

There is an open door here.
Casting: Shock (safe; 1% risk of failure)
Confirm with . or Enter, or press ? or * to list all spells.
Aiming: Shock (safe; 1% risk of failure)
Press: ? - help, Shift-Dir - straight line, f/p - ice beast
Aim: an ice beast (lightly wounded, 71% to hit)
The zap hits the ice beast.
The ice beast is moderately wounded.
The zap hits the ice beast.
The ice beast is moderately wounded.
The ice beast hits you. The ice beast freezes you!
Casting: Shock (safe; 1% risk of failure)
Confirm with . or Enter, or press ? or * to list all spells.
The ice beast is struck by an arc of lightning.
The ice beast is heavily wounded.
You are struck by an arc of lightning.
The ice beast is struck by an arc of lightning.
The ice beast is severely wounded.
You are struck by an arc of lightning.
The lightning grounds out.
The ice beast hits you. The ice beast freezes you!
You feel yourself slow down.
You hit the ice beast but do no damage.
The ice beast is severely wounded.
The ice beast hits you but does no damage.
You closely miss the ice beast.
The ice beast is severely wounded.
You feel yourself speed up. The ice beast hits you. The ice beast freezes you!
* * * LOW HITPOINT WARNING * * *
You hit the ice beast but do no damage.
The ice beast is severely wounded.
The ice beast hits you.
* * * LOW HITPOINT WARNING * * *
The ice beast freezes you!
* * * LOW HITPOINT WARNING * * *
You closely miss the ice beast.
The ice beast is severely wounded.
The ice beast hits you.
* * * LOW HITPOINT WARNING * * *
The ice beast freezes you!
You die...

#.#..)..#.....##
#.+##)##+##'##+.###
#.#..#.....#..#...
#.#..#'###'#..##.#
#.#..#.....#..##.#
#['..+.._..'..'..#
###..#.....#..####
#..#+###'#..#
#.@#.....#..#
+##Y##'##+##+
#.....#.....#
#.....#.....#
###'##+##+###
#.......# ##.!#####
#.## #.#


You could see an ice beast.

Vanquished Creatures
  Menkaure (D:5)
  An ogre (D:4)
  5 phantoms
  A scorpion (D:5)
  A water moccasin zombie (D:4)
  A water moccasin skeleton (D:4)
  3 bombardier beetles
  A hound (D:4)
  A bullfrog skeleton (D:4)
  Ijyb (D:3)
  An iguana (D:4)
  7 scorpion zombies (D:4)
  4 hound zombies (D:4)
  4 hound skeletons (D:4)
  4 gnolls (D:5)
  7 adders
  3 adder skeletons (D:4)
  5 adder zombies (D:4)
  4 dart slugs
  5 ribbon worms
  2 orcs
  4 ball pythons
  4 endoplasms
  2 giant cockroaches (D:2)
  7 goblins
  10 hobgoblins
  2 jackals (D:2)
  5 quokkas
  3 bats
  4 frilled lizards
  8 kobolds
  7 rats
118 creatures vanquished.

Notes
Turn   | Place    | Note
-------+----------+-------------------------------------------
     0 | D:1      | gentooman the Draconian Air Elementalist began the quest
                  | for the Orb.
     0 | D:1      | Reached XP level 1. HP: 14/14 MP: 3/3
   213 | D:1      | Reached XP level 2. HP: 19/20 MP: 1/5
   378 | D:1      | Learned a level 2 spell: Static Discharge
   740 | D:2      | Reached XP level 3. HP: 23/26 MP: 0/6
   906 | D:2      | Found an opulent altar of Gozag.
  1328 | D:3      | Noticed Ijyb
  1459 | D:3      | Reached XP level 4. HP: 33/33 MP: 1/7
  2136 | D:3      | Learned a level 1 spell: Magic Dart
  2321 | D:3      | Upgraded the game from 0.31.0-12-g77e489cdc1 to
                  | 0.31.0-32-g396128a36d
  2331 | D:4      | Noticed a phantom
  2351 | D:4      | Killed a phantom
  2352 | D:4      | Reached skill level 1 in Short Blades
  2352 | D:4      | Reached XP level 5. HP: 39/39 MP: 1/9
  2432 | D:4      | Noticed a phantom
  2461 | D:4      | Killed a phantom
  2462 | D:4      | Reached XP level 6. HP: 31/46 MP: 5/10
  2697 | D:3      | Reached skill level 1 in Fighting
  2783 | D:4      | Your scales start taking on a rich purple colour.
  2783 | D:4      | Reached XP level 7. HP: 52/52 MP: 2/13
  2823 | D:4      | Learned a level 2 spell: Momentum Strike
  3167 | D:4      | Learned a level 3 spell: Swiftness
  3344 | D:4      | Reached skill level 5 in Spellcasting
  3344 | D:4      | Reached XP level 8. HP: 62/62 MP: 5/15
  3482 | D:4      | Reached skill level 5 in Air Magic
  3606 | D:3      | Killed Ijyb
  3773 | D:5      | Entered Level 5 of the Dungeon
  3813 | D:5      | Found a staircase to the Ecumenical Temple.
  3875 | D:5      | Got the Compilation of Damaging Hypothermia
  3879 | D:5      | Found a hazy altar of Hepliaklqana.
  3895 | D:5      | Noticed Menkaure
  3899 | D:5      | Killed Menkaure
  3974 | D:5      | HP: 3/62 [ice beast (3)]
  3974 | D:5      | Mangled by an ice beast

Illustrated notes

Levels and vault maps discovered:
D:1:      mainiacjoe_arrival_reflecting_pool, layout_basic
D:2:      layout_loops_corners, basic_altar
D:3:      minmay_diamond_boxcup, layout_loops_corners, serial_forest,
          infiniplex_forest_clump_double, infiniplex_forest_clump_tiny,
          infiniplex_forest_clump_curved, infiniplex_forest_lined_room_3,
          infiniplex_forest_straight_1, infiniplex_forest_corner_2,
          infiniplex_forest_clump_double, infiniplex_forest_lined_corner,
          uniq_ijyb
D:4:      layout_basic, serial_undead, serial_undead_e, serial_undead_c,
          serial_undead_d, serial_undead_d, serial_undead_c, serial_undead_b,
          serial_undead_e, serial_undead_a, nicolae_zig_zag_zippers
D:5:      layout_basic, amcnicky_altar_gilded, mainiacjoe_overflow_24_doors,
          minmay_temple_entry_drinking_statues, uniq_menkaure, uniq_eustachio

Skill      XL: |  1  2  3  4  5  6  7  8 |
---------------+-------------------------+-----
Stealth        | 2 |  2.5
Air Magic      | 4 5 |  5.2
Dodging        | 2 3 |  3.7
Short Blades   | 1 2 4 |  4.9
Spellcasting   | 3 4 5 |  5.4
Conjurations   | 2 3 4 |  4.2
Fighting       | 1 2 |  2.8
Translocations | |  0.3

Action                     |  1- 3 |  4- 6 |  7- 9 || total
---------------------------+-------+-------+-------++-------
  Melee: Dagger            |     7 |       |       ||     7
         Tailslap          |    10 |    21 |    27 ||    58
         Unarmed           |     3 |       |       ||     3
         Short sword       |    54 |   135 |   152 ||   341
         Punch             |       |     1 |     4 ||     5
   Cast: Shock             |    65 |    86 |    93 ||   244
         Static Discharge  |       |     4 |     5 ||     9
         Magic Dart        |       |       |     6 ||     6
         Momentum Strike   |       |       |     2 ||     2
   Stab: Sleeping          |     1 |       |       ||     1
 Armour: Skin              |    38 |    92 |   136 ||   266
  Dodge: Dodged            |    57 |    86 |    99 ||   242
